 Dungeon Crawl Stone Soup version 0.29.1-2-gbd0b4ee654 (webtiles) character file.

Game seed: 6675963481738578201

13 gregunderscorem the Insei (level 2, -3/18 HPs)
             Began as an Octopode Transmuter on Nov 16, 2022.
             Killed from afar by Sigmund (4 damage)
             ... with a puff of flame
             ... on level 2 of the Dungeon.
             The game lasted 00:01:08 (1168 turns).

gregunderscorem the Insei (Octopode Transmuter)     Turns: 1168, Time: 00:01:09

Health: -3/18      AC:  1    Str:  9    XL:     2   Next: 37%
Magic:  4/5        EV: 13    Int: 15    God:
Gold:   78         SH:  0    Dex: 12    Spells: 4/5 levels left

rFire   . . .      SeeInvis .     - Unarmed
rCold   . . .      Faith    .   (no shield)
rNeg    . . .      Spirit   .   (helmet currently unavailable)
rPois   .          Reflect  .   (no amulet)
rElec   .          Harm     .   (no ring)
rCorr   .          Rampage  .   (no ring)
Will    .....                   (no ring)
Stlth   ++........              (no ring)
HPRegen 0.06/turn               (no ring)
MPRegen 0.09/turn               (no ring)
                                (no ring)
                                (no ring)

@: appendages (expiring)
A: tentacle spike 3, almost no armour, amphibious, 8 rings, camouflage 1,
gelatinous body 1, (nimble swimmer 1), tentacles
a: End Transformation


You were on level 2 of the Dungeon.
One of your tentacles had grown a beastly spike.
You visited 1 branch of the dungeon, and saw 2 of its levels.

You collected 78 gold pieces.

Inventory:

Scrolls
 b - 3 scrolls of vulnerability {unknown}
 c - 2 scrolls of magic mapping {unknown}
 d - a scroll of noise {unknown}
 g - a scroll of fog {unknown}
Potions
 a - a potion of lignification
 e - a potion of curing {unknown}
 f - 2 potions of resistance {unknown}


   Skills:
 - Level 1.0 Fighting
 - Level 2.0 Dodging
 + Level 3.2 Unarmed Combat
 + Level 2.3 Spellcasting
 + Level 2.3 Transmutations


You had 4 spell levels left.
You knew the following spells:

 Your Spells              Type           Power      Damage    Failure   Level
a - Beastly Appendage     Tmut           16%        N/A       9%          1

Your spell library contained the following spells:

 Spells                   Type           Power      Damage    Failure   Level
 Wereblood                Tmut           8%         N/A       12%         2
 Summon Small Mammal      Summ           4%         N/A       22%         1
 Blink                    Tloc           2%         N/A       32%         2
 Spider Form              Tmut/Pois      5%         N/A       38%         3
 Call Canine Familiar     Summ           1%         N/A       54%         3
 Summon Guardian Golem    Hex/Summ       1%         N/A       54%         3
 Ice Form                 Ice/Tmut       5%         N/A       80%         4
 Manifold Assault         Tloc           1%         N/A       99%         5
 Storm Form               Tmut/Air       2%         N/A       100%        7


Dungeon Overview and Level Annotations

Branches:
Dungeon (2/15)

Altars:

Shops:
D:1 *

Annotations:
D:2 Sigmund


Innate Abilities, Weirdness & Mutations

One of your tentacles has grown a beastly spike.
You cannot wear most types of armour.
You are amphibious.
You can wear up to eight rings at the same time.
Your skin changes colour to match your surroundings (Stealth+).
Your rubbery body absorbs attacks. (AC +1, EV +1)
((You are camouflaged when in or above water. (Stealth+)))
You have tentacles for arms and can constrict up to eight enemies at once.


Message History

Your tentacle spike misses the kobold.
The kobold is severely wounded.
The kobold barely misses you.
You tentacle-slap the kobold.
You kill the kobold!
No target in view!
Your transformation is almost over.
Magic restored.
You now have 78 gold pieces (gained 14).
Your tentacle spike disappears.
f - 2 viscous brown potions
g - a scroll labelled NIOSAI SUZIQA A frilled lizard comes into view.
The frilled lizard hisses angrily.
Sigmund the Dreaded comes into view.
He is wielding a +0 scythe.
One of your tentacles grows a vicious spike.
Sigmund shouts!
A bat comes into view.
The frilled lizard bites you.
You barely miss the frilled lizard. Your grab misses the frilled lizard.
You tentacle-slap the frilled lizard.
You kill the frilled lizard!
The bat hits you but does no damage.
Sigmund is suddenly surrounded by pale green light.
Sigmund hits you from afar with a +0 scythe.
Casting: Beastly Appendage (safe; 9% risk of failure)
Confirm with . or Enter, or press ? or * to list all spells.
You don't know that spell.
Casting: Beastly Appendage (safe; 9% risk of failure)
Confirm with . or Enter, or press ? or * to list all spells.
Okay, then.
You tentacle-slap the bat. Your grab misses the bat.
You pierce the bat.
You kill the bat!
Sigmund hits you from afar with a +0 scythe!
Ouch! That really hurt!
* * * LOW HITPOINT WARNING * * *
Your transformation is almost over.
Sigmund gestures at you while chanting. The puff of flame hits you.
You die...

#...###..## #.......#
#.#.##..#####.....###
###.##.####.......#
#..##......##..###
##.##..####.#...#
.......###..#..##
.........#.#..#######
......)..#.#........#
.......>.#....##@...#
##.#.###......#.....#
#.#.# #...#........#
..#.# #............#
..#..........######@†.#
.. .........## #...# .
.........# #...# ..
....# #...#


You could see Sigmund.

Vanquished Creatures
  A bat (D:2)
  An endoplasm (D:1)
  A giant cockroach (D:1)
  A goblin (D:1)
  2 quokkas (D:1)
  3 frilled lizards
  3 kobolds
  A rat (D:1)
13 creatures vanquished.

Notes
Turn   | Place    | Note
-------+----------+-------------------------------------------
     0 | D:1      | gregunderscorem the Octopode Transmuter began the quest for
                  | the Orb.
     0 | D:1      | Reached XP level 1. HP: 13/13 MP: 3/3
   162 | D:1      | Found Plog's General Store.
   377 | D:1      | Reached XP level 2. HP: 15/18 MP: 5/5
   994 | D:1      | Found a faded altar of an unknown god.
  1159 | D:2      | Noticed Sigmund
  1168 | D:2      | Killed from afar by Sigmund

Illustrated notes

Levels and vault maps discovered:
D:1:      psy_arrival_dodecagon, layout_loops_corners, serial_shops, shop,
          shapermc_ecumenical_altar_mp_highgroup, minmay_tetromino_i4
D:2:      layout_rooms, serial_corexii_hall, chequers_hall_statues_y,
          corexii_hall_statues_l, chequers_hall_statues_y,
          small_statue_intersection, uniq_sigmund

Action                   || total
-------------------------++-------
Melee: Unarmed           ||    21
       Tentacles         ||     4
       Constrict         ||     3
       Kick              ||     2
 Cast: Beastly Appendage ||     9
  Use: Potion            ||     1
 Stab: Sleeping          ||     2
Armor: Skin              ||     2
Dodge: Dodged            ||    12
